AoeStats
← 阿裁

Yucatan

513149873Analyzed
4v4 RM · 8d ago on Oct 12, 2026· 81m 35s· 8 players
Game mode
Random Map
Map size
Large (8 player)
Population
200
Speed
Normal
Resources
Standard
Victory
Conquest
Starting age
Dark Age
Ending age
Imperial Age
RankedLock teamsTeams togetherTeam positionsShared explorationLock speedFull tech treeHidden civsTurbo modeCheats
Victory
Defeat
🇭🇰 Franks · Hong Kong SAR China
1128
+14
🇨🇳 Mongols · China
1104
+15
🇭🇰 Khmer · Hong Kong SAR China
1051
+17
🇹🇼 Britons · Taiwan
1028
+18
vs
🇨🇦 Cumans · Canada
1115
-18
🇬🇧 Saracens · United Kingdom
1098
-17
🇨🇱 Varangians · Chile
1073
-16
🇪🇸 Inca · Spain
995
-13
code monkey HK
4:58 Loom
8:52 Feudal Age
12:38 Double-Bit Axe
16:11 Castle Age
14:27 Gold Mining
17:27 Bow Saw
17:53 Gold Shaft Mining
20:00 Bloodlines
19:50 Husbandry
20:21 Scale Barding Armor
20:07 Fletching
23:57 Horse Collar
24:38 Stone Mining
33:25 Ballistics
35:14 Stone Shaft Mining
39:11 Imperial Age
37:17 Wheelbarrow
36:27 Town Watch
36:57 Bodkin Arrow
37:22 Chain Barding Armor
39:26 Padded Archer Armor
39:44 Forging
40:27 Conscription
42:16 Plate Barding Armor
42:30 Siege Engineers
44:01 Double Crossbow
45:26 Hoardings
44:50 Murder Holes
46:57 Elite Ballista Elephant
48:43 Bracer
49:19 Iron Casting
49:32 Light Cavalry
50:23 Heavy Scorpion
52:11 Chemistry
51:21 Masonry
53:32 Blast Furnace
51:55 Hussar
65:42 Scale Mail Armor
65:57 Leather Archer Armor
72:26 Chain Mail Armor
72:26 Leather Archer Armor
71:40 Onager
81:39 Hand Cart
81:24 Town Patrol
阿裁
10:10 Feudal Age
10:44 Double-Bit Axe
15:54 Castle Age
13:40 Loom
13:39 Horse Collar
13:53 Stone Mining
13:57 Gold Mining
15:57 Fletching
18:17 Heavy Plow
21:03 Crossbowman
21:35 Loom
22:36 Wheelbarrow
23:46 Hand Cart
25:39 Ballistics
25:23 Padded Archer Armor
26:01 Bodkin Arrow
28:08 Town Watch
35:56 Imperial Age
36:04 Imperial Age
33:55 Leather Archer Armor
34:26 Yeomen
34:45 Squires
35:42 Scale Mail Armor
35:52 Forging
36:03 Town Patrol
37:07 Gold Shaft Mining
36:30 Arbalester
38:15 Chemistry
37:18 Bracer
39:33 Conscription
42:04 Ring Archer Armor
45:52 Bow Saw
51:18 Two-Man Saw
68:27 Elite Skirmisher
69:24 Caravan
71:11 Capped Ram
AM830 MK
12:26 Feudal Age
16:13 Castle Age
14:26 Double-Bit Axe
18:21 Bow Saw
19:03 Scale Barding Armor
26:15 Chain Barding Armor
30:57 Wheelbarrow
33:53 Stone Mining
33:54 Gold Mining
34:45 Forging
34:36 Scale Mail Armor
34:38 Pikeman
35:18 Squires
35:03 Arson
39:58 Imperial Age
37:44 Hand Cart
37:14 Town Watch
41:02 Conscription
40:56 Elite Throwing Axeman
44:00 Iron Casting
43:40 Chain Mail Armor
44:08 Plate Barding Armor
44:55 Husbandry
44:15 Cavalier
46:37 Chivalry
46:26 Paladin
47:47 Caravan
48:20 Town Patrol
61:42 Blast Furnace
60:34 Fletching
66:05 Gold Shaft Mining
等我上帝王
[8Pals] PERROLOKO
11:32 Feudal Age
10:05 Loom
14:41 Wheelbarrow
16:43 Castle Age
15:34 Arson
16:04 Forging
15:54 Scale Mail Armor
18:21 Hand Cart
17:54 Gambesons
18:10 Squires
20:36 Chain Mail Armor
26:40 Horse Collar
26:48 Double-Bit Axe
28:40 Heavy Plow
28:47 Gold Mining
30:44 Bow Saw
30:27 Stone Mining
34:51 Imperial Age
35:09 Elite Varangian Guard
36:38 Ballistics
37:19 Chemistry
37:01 Iron Casting
36:56 Plate Mail Armor
40:34 Light Cavalry
41:24 Bloodlines
41:15 Husbandry
43:16 Two-Man Saw
42:50 Crop Rotation
43:09 Conscription
43:40 Stone Shaft Mining
43:24 Treadmill Crane
43:40 Murder Holes
43:55 Fortified Wall
43:58 Masonry
43:12 Gothikon
43:19 Vendel Legacy
47:03 Blast Furnace
46:10 Scale Barding Armor
50:50 Architecture
49:44 Elite Jarl
51:15 Siege Engineers
51:02 Town Watch
51:23 Caravan
51:45 Chain Barding Armor
51:16 Fletching
51:26 Padded Archer Armor
57:05 Plate Barding Armor
55:56 Hussar
56:19 Onager
64:14 Heated Shot
70:37 Town Patrol
75:59 Cavalier
78:29 Bodkin Arrow
78:49 Leather Archer Armor
78:29 Pikeman
unclesam613
AYUDA-PERÚ
10:27 Feudal Age
8:46 Loom
15:50 Castle Age
14:34 Double-Bit Axe
16:58 Bow Saw
16:31 Horse Collar
17:25 Forging
19:31 Iron Casting
19:51 Scale Mail Armor
19:38 Arson
19:58 Pikeman
21:57 Squires
23:47 Champi Runner
25:18 Champi Warrior
30:06 Chain Mail Armor
32:13 Fletching
32:31 Elite Skirmisher
35:02 Bodkin Arrow
47:29 Imperial Age
48:06 Wheelbarrow
49:40 Conscription
49:54 Plate Mail Armor
51:27 Blast Furnace
51:16 Elite Champi Warrior
52:23 Heavy Plow
55:51 Fabric Shields
57:07 Hand Cart
68:49 Halberdier
Fat Mike
8:23 Loom
12:14 Feudal Age
17:35 Castle Age
16:26 Double-Bit Axe
17:41 Wheelbarrow
23:13 Horse Collar
27:07 Heavy Plow
29:02 Gold Mining
31:13 Scale Barding Armor
31:19 Forging
32:26 Bloodlines
32:17 Husbandry
33:18 Chain Barding Armor
33:44 Hand Cart
34:14 Gold Shaft Mining
37:12 Imperial Age
34:08 Light Cavalry
35:29 Stone Mining
37:12 Iron Casting
38:20 Conscription
38:53 Capped Ram
40:46 Bow Saw
40:23 Siege Ram
41:01 Elite Mameluke
44:04 Blast Furnace
43:40 Plate Barding Armor
43:47 Scale Mail Armor
45:56 Fletching
47:48 Onager
53:25 Chain Mail Armor
55:22 Bodkin Arrow
66:19 Two-Man Saw
67:08 Chemistry
73:00 Ballistics
Connection lost

Rejoining the realm…

Still unreachable

The connection could not be restored.

Session expired

The server has moved on; the page needs a fresh start.